[ AOE2 MATCH · #484372246 ]
1v1 RMItalians vs Persians
Player's team · WIN
Rival team · LOSS
[ REPLAY ANALYSIS · EXTRACTED FROM THE RECORDED GAME ]
Feudal
9:46
Castle
18:01
Imperial
34:54
| APM avg | 28.9 |
| APM peak | 66 |
| eAPM avg | 16.7 |
| Villagers / military | 149 / 104 |
Focus
⚔️ 23.7% · 🌾 76.3%
Genoese Crossbowman ×54 · Scout Cavalry ×39 · Archer ×7 · Fishing Ship ×5 · Trebuchet (Packed) ×4
Feudal
10:05
Castle
20:07
Imperial
33:49
| APM avg | 34.1 |
| APM peak | 68 |
| eAPM avg | 17.1 |
| Villagers / military | 132 / 67 |
Focus
⚔️ 21.5% · 🌾 78.5%
Skirmisher ×37 · Spearman ×20 · Scout Cavalry ×8 · Monk ×1 · Trebuchet (Packed) ×1
Match map
Initial resources + every placement click. Lines = walls · curves = elevation contours. ◆ gold · ⬟ stone · ● berries · ✦ relic · ◌ wall gap
Your base· ✓ Closed at 18:01 · 38t walls · 1 gate(s)
Aias von Telamon's base· Open — unwalled flank
Smoothed initial terrain · ◌ = detected wall gap · hover for details
Inputs per minute
— De1moS - - Aias von Telamon
Build order — De1moS
First 150 of 352 actions detected
| 0:02 | Build | House |
| 0:04 | Build | House |
| 0:05 | Create | Villager (Male) |
| 0:05 | Create | Villager (Male) |
| 0:06 | Create | Villager (Male) |
| 0:06 | Create | Villager (Male) |
| 0:06 | Create | Villager (Male) |
| 1:32 | Create | Villager (Male) |
| 1:33 | Create | Villager (Male) |
| 1:52 | Build | Lumber Camp |
| 1:59 | Create | Villager (Male) |
| 2:00 | Create | Villager (Male) |
| 2:16 | Create | Villager (Male) |
| 2:17 | Create | Villager (Male) |
| 2:52 | Create | Villager (Male) |
| 2:53 | Create | Villager (Male) |
| 3:26 | Create | Villager (Male) |
| 3:26 | Create | Villager (Male) |
| 3:54 | Create | Villager (Male) |
| 3:54 | Create | Villager (Male) |
| 4:14 | Create | Villager (Male) |
| 4:15 | Create | Villager (Male) |
| 4:25 | Create | Villager (Male) |
| 4:25 | Create | Villager (Male) |
| 4:32 | Build | House |
| 4:41 | Create | Villager (Male) |
| 4:42 | Create | Villager (Male) |
| 4:51 | Research | Loom |
| 5:12 | Create | Villager (Male) |
| 5:12 | Create | Villager (Male) |
| 5:48 | Build | Dock |
| 5:53 | Create | Villager (Male) |
| 6:34 | Create | Villager (Male) |
| 6:42 | Create | Fishing Ship |
| 6:43 | Create | Fishing Ship |
| 6:48 | Create | Villager (Male) |
| 6:55 | Build | House |
| 7:24 | Create | Villager (Male) |
| 7:36 | Research | Feudal Age |
| 7:45 | Build | Palisade Wall |
| 7:58 | Build | Palisade Wall |
| 8:02 | Build | House |
| 8:03 | Build | House |
| 8:11 | Build | Palisade Wall |
| 8:16 | Build | Palisade Wall |
| 8:21 | Build | Palisade Wall |
| 8:28 | Create | Villager (Male) |
| 8:30 | Create | Villager (Male) |
| 8:53 | Create | Fishing Ship |
| 8:53 | Create | Fishing Ship |
| 9:46 | Age | Feudal Age |
| 10:00 | Build | Barracks |
| 10:14 | Create | Villager (Male) |
| 10:49 | Build | Archery Range |
| 10:57 | Create | Villager (Male) |
| 11:11 | Create | Villager (Male) |
| 11:21 | Build | Mining Camp |
| 11:25 | Create | Villager (Male) |
| 11:38 | Create | Fishing Ship |
| 11:52 | Create | Archer |
| 12:04 | Create | Villager (Male) |
| 12:27 | Build | Mill |
| 12:42 | Create | Archer |
| 12:44 | Create | Villager (Male) |
| 12:45 | Create | Villager (Male) |
| 12:50 | Build | House |
| 12:54 | Build | House |
| 12:58 | Create | Villager (Male) |
| 13:18 | Build | Farm |
| 13:25 | Create | Archer |
| 13:38 | Build | Farm |
| 13:48 | Create | Villager (Male) |
| 13:59 | Build | Market |
| 14:02 | Create | Villager (Male) |
| 14:11 | Build | Farm |
| 14:19 | Create | Archer |
| 14:24 | Research | Tech 906 |
| 14:42 | Create | Villager (Male) |
| 14:49 | Create | Archer |
| 14:57 | Build | Farm |
| 15:21 | Research | Castle Age |
| 15:27 | Build | Farm |
| 15:31 | Build | Farm |
| 15:42 | Research | Wheelbarrow |
| 15:49 | Build | Palisade Gate |
| 16:02 | Create | Archer |
| 16:10 | Build | Mining Camp |
| 16:21 | Create | Archer |
| 16:39 | Research | Horse Collar |
| 17:37 | Build | House |
| 17:39 | Build | House |
| 18:01 | Age | Castle Age |
| 18:06 | Create | Villager (Male) |
| 18:06 | Create | Villager (Male) |
| 18:16 | Build | Town Center |
| 18:27 | Build | Blacksmith |
| 18:31 | Create | Villager (Male) |
| 18:31 | Create | Villager (Male) |
| 18:47 | Research | Town Watch |
| 18:55 | Create | Villager (Male) |
| 18:57 | Create | Villager (Male) |
| 18:57 | Create | Villager (Male) |
| 19:11 | Research | Fletching |
| 19:13 | Create | Villager (Male) |
| 19:13 | Create | Villager (Male) |
| 19:41 | Research | Double-Bit Axe |
| 20:13 | Research | Stone Mining |
| 20:25 | Research | Bodkin Arrow |
| 20:40 | Create | Villager (Male) |
| 20:41 | Create | Villager (Male) |
| 20:41 | Create | Villager (Male) |
| 20:57 | Build | Town Center |
| 20:59 | Create | Villager (Male) |
| 20:59 | Create | Villager (Male) |
| 21:14 | Build | House |
| 22:06 | Build | House |
| 22:08 | Build | House |
| 22:12 | Build | Palisade Wall |
| 22:18 | Build | Palisade Wall |
| 22:29 | Create | Villager (Male) |
| 22:29 | Create | Villager (Male) |
| 22:30 | Create | Villager (Male) |
| 22:41 | Build | House |
| 22:42 | Build | House |
| 22:44 | Build | House |
| 22:45 | Build | House |
| 22:58 | Build | Castle |
| 23:05 | Create | Villager (Male) |
| 23:05 | Create | Villager (Male) |
| 23:05 | Create | Villager (Male) |
| 23:06 | Create | Villager (Male) |
| 23:06 | Create | Villager (Male) |
| 23:06 | Create | Villager (Male) |
| 23:09 | Build | Farm |
| 23:36 | Research | Bow Saw |
| 23:42 | Research | Gold Mining |
| 23:48 | Create | Villager (Male) |
| 23:48 | Create | Villager (Male) |
| 23:56 | Build | Farm |
| 23:58 | Build | Farm |
| 24:07 | Build | Farm |
| 24:09 | Create | Villager (Male) |
| 24:10 | Create | Villager (Male) |
| 24:10 | Create | Villager (Male) |
| 24:18 | Create | Genoese Crossbowman ×5 |
| 24:18 | Create | Genoese Crossbowman ×5 |
| 24:18 | Create | Genoese Crossbowman ×5 |
| 24:20 | Create | Villager (Male) |
| 24:21 | Create | Villager (Male) |
| 24:21 | Create | Villager (Male) |
Build order — Aias von Telamon
First 150 of 324 actions detected
| 0:02 | Create | Villager (Male) |
| 0:02 | Create | Villager (Male) |
| 0:03 | Build | House |
| 0:05 | Build | House |
| 0:09 | Create | Villager (Male) |
| 0:09 | Create | Villager (Male) |
| 0:10 | Create | Villager (Male) |
| 1:33 | Create | Villager (Male) |
| 2:07 | Build | Lumber Camp |
| 2:09 | Create | Villager (Male) |
| 2:09 | Create | Villager (Male) |
| 2:43 | Create | Villager (Male) |
| 2:49 | Create | Villager (Male) |
| 3:06 | Build | House |
| 3:23 | Create | Villager (Male) |
| 4:20 | Build | House |
| 5:01 | Create | Villager (Male) |
| 5:01 | Create | Villager (Male) |
| 5:01 | Create | Villager (Male) |
| 5:01 | Create | Villager (Male) |
| 5:16 | Create | Villager (Male) |
| 5:24 | Create | Villager (Male) |
| 5:28 | Create | Villager (Male) |
| 6:07 | Create | Villager (Male) |
| 6:08 | Create | Villager (Male) |
| 7:23 | Build | Mill |
| 7:25 | Create | Villager (Male) |
| 8:01 | Research | Feudal Age |
| 8:30 | Build | Barracks |
| 8:37 | Build | Mill |
| 8:47 | Build | Farm |
| 8:59 | Build | Farm |
| 9:11 | Build | House |
| 9:25 | Build | Farm |
| 9:28 | Build | Farm |
| 10:05 | Age | Feudal Age |
| 10:07 | Build | Stable |
| 10:11 | Create | Villager (Male) |
| 10:15 | Research | Loom |
| 10:22 | Build | Farm |
| 10:23 | Build | Farm |
| 10:30 | Create | Villager (Male) |
| 10:38 | Build | Farm |
| 10:39 | Create | Villager (Male) |
| 10:42 | Create | Scout Cavalry |
| 10:43 | Create | Villager (Male) |
| 10:47 | Create | Villager (Male) |
| 10:57 | Create | Villager (Male) |
| 11:14 | Build | Farm |
| 11:31 | Create | Scout Cavalry |
| 11:32 | Create | Scout Cavalry |
| 11:43 | Build | Farm |
| 12:03 | Create | Villager (Male) |
| 12:10 | Create | Villager (Male) |
| 12:14 | Build | Farm |
| 12:41 | Create | Scout Cavalry |
| 12:41 | Create | Villager (Male) |
| 12:46 | Create | Scout Cavalry |
| 12:46 | Create | Villager (Male) |
| 12:51 | Build | Farm |
| 12:54 | Build | House |
| 13:45 | Create | Villager (Male) |
| 13:48 | Build | House |
| 13:55 | Create | Villager (Male) |
| 13:55 | Create | Villager (Male) |
| 13:56 | Create | Villager (Male) |
| 13:57 | Create | Villager (Male) |
| 13:57 | Create | Villager (Male) |
| 13:57 | Create | Villager (Male) |
| 14:11 | Create | Villager (Male) |
| 14:17 | Build | Lumber Camp |
| 14:21 | Build | Farm |
| 14:22 | Build | Farm |
| 14:53 | Create | Villager (Male) |
| 15:55 | Build | Market |
| 15:56 | Create | Villager (Male) |
| 16:06 | Build | Mining Camp |
| 16:59 | Research | Double-Bit Axe |
| 17:42 | Research | Castle Age |
| 17:50 | Build | Farm |
| 17:51 | Build | Farm |
| 18:00 | Research | Horse Collar |
| 18:55 | Research | Gold Mining |
| 19:16 | Build | Archery Range |
| 19:36 | Build | Blacksmith |
| 19:37 | Build | Farm |
| 19:43 | Create | Villager (Male) |
| 20:07 | Age | Castle Age |
| 20:09 | Create | Villager (Male) |
| 20:20 | Build | Town Center |
| 20:35 | Build | Town Center |
| 20:38 | Create | Villager (Male) |
| 20:42 | Build | Palisade Wall |
| 20:56 | Build | Outpost |
| 21:01 | Create | Villager (Male) |
| 21:03 | Build | House |
| 21:06 | Research | Wheelbarrow |
| 21:11 | Research | Wheelbarrow |
| 21:11 | Create | Villager (Male) |
| 21:49 | Create | Villager (Male) |
| 21:49 | Create | Villager (Male) |
| 22:43 | Create | Villager (Male) |
| 22:45 | Build | Farm |
| 22:47 | Build | Farm |
| 22:49 | Create | Villager (Male) |
| 22:49 | Create | Villager (Male) |
| 22:52 | Build | Palisade Wall |
| 23:03 | Research | Bow Saw |
| 23:04 | Create | Villager (Male) |
| 23:10 | Research | Elite Skirmisher (upgrade) |
| 23:15 | Build | Farm |
| 23:17 | Build | Farm |
| 23:43 | Build | Farm |
| 23:43 | Build | Farm |
| 23:44 | Build | Farm |
| 23:44 | Build | Farm |
| 24:01 | Create | Villager (Male) |
| 24:02 | Create | Villager (Male) |
| 24:13 | Create | Villager (Male) |
| 24:13 | Create | Villager (Male) |
| 24:22 | Build | House |
| 24:23 | Build | House |
| 24:23 | Build | House |
| 24:27 | Build | House |
| 24:28 | Build | House |
| 24:30 | Create | Villager (Male) |
| 24:31 | Create | Villager (Male) |
| 24:42 | Build | Town Center |
| 24:50 | Research | Town Watch |
| 24:50 | Research | Hand Cart |
| 24:51 | Create | Villager (Male) |
| 24:51 | Create | Villager (Male) |
| 24:59 | Build | Archery Range |
| 25:07 | Research | Fletching |
| 25:13 | Build | Lumber Camp |
| 25:33 | Create | Villager (Male) |
| 25:34 | Create | Villager (Male) |
| 25:34 | Create | Villager (Male) |
| 25:40 | Build | Farm |
| 25:40 | Build | Farm |
| 25:41 | Build | Farm |
| 25:41 | Build | Farm |
| 25:41 | Build | Farm |
| 25:57 | Create | Villager (Male) |
| 25:57 | Create | Villager (Male) |
| 26:06 | Build | Farm |
| 26:08 | Build | Farm |
| 26:12 | Create | Villager (Male) |
| 26:26 | Build | Monastery |
| 26:35 | Create | Skirmisher |
Match timeline
| 5:48 | De1moS · first_building Dock |
| 7:45 | De1moS · wall_segment Palisade Wall x4 |
| 7:58 | De1moS · wall_segment Palisade Wall x8 |
| 8:11 | De1moS · wall_segment Palisade Wall x6 |
| 8:16 | De1moS · wall_segment Palisade Wall x11 |
| 8:21 | De1moS · wall_segment Palisade Wall x9 |
| 8:30 | Aias von Telamon · first_building Barracks |
| 9:46 | De1moS · age_up feudal |
| 10:00 | De1moS · first_building Barracks |
| 10:05 | Aias von Telamon · age_up feudal |
| 10:07 | Aias von Telamon · first_building Stable |
| 10:49 | De1moS · first_building Archery Range |
| 15:17 | De1moS · first_market_sell 100 wood |
| 18:01 | De1moS · age_up castle |
| 19:16 | Aias von Telamon · first_building Archery Range |
| 20:07 | Aias von Telamon · age_up castle |
| 20:42 | Aias von Telamon · wall_segment Palisade Wall x7 |
| 22:12 | De1moS · wall_segment Palisade Wall x1 |
| 22:18 | De1moS · wall_segment Palisade Wall x1 |
| 22:52 | Aias von Telamon · wall_segment Palisade Wall x1 |
| 22:58 | De1moS · first_building Castle |
| 23:34 | De1moS · first_market_buy 100 food |
| 24:36 | Aias von Telamon · first_market_buy 100 wood |
| 26:26 | Aias von Telamon · first_building Monastery |
| 29:06 | De1moS · first_building Stable |
| 33:21 | Aias von Telamon · first_building Castle |
| 33:49 | Aias von Telamon · age_up imperial |
| 34:54 | De1moS · age_up imperial |
| 39:34 | Aias von Telamon · resign |
[ AI ANALYSIS · 1 CREDIT ]
What really happened in this match?
Wolo.gg analyzes every decision: build order, eco, micro, common mistakes by bracket. Personalized analysis on WhatsApp or Discord in 30 seconds.
Civ guide
Italians
Map guide
Four Lakes
Perfil
Jugador #23856471